 Dungeon Crawl Stone Soup version 0.26.0-8-g74fc34ddfb (webtiles) character file.

Game seed: 74836529856576188

472 Jannitor the Sneak (level 7, -5/45 HPs)
             Began as a Halfling Earth Elementalist on Jan 12, 2021.
             Was an Initiate of Gozag.
             Killed by divine providence
             ... invoked by an orc priest
              (15 damage)
             ... on level 5 of the Dungeon.
             The game lasted 00:09:45 (4596 turns).

Jannitor the Sneak (Halfling Earth Elementalist)    Turns: 4596, Time: 00:09:47

Health: -5/45      AC:  7    Str: 11    XL:     7   Next: 31%
Magic:  9/9        EV: 12    Int: 13    God:    Gozag
Gold:   142        SH:  0    Dex: 18    Spells: 8/9 levels left

rFire    . . .     SeeInvis .   e - +0 dagger (elec)
rCold    + . .     Faith    .   i - +0 buckler
rNeg     . . .     Spirit   .   m - +1 scale mail "Gerphyll" {Dex+3}
rPois    .         Reflect  .   (no helmet)
rElec    .         Harm     .   (no cloak)
rCorr    .         Rampage  .   (no gloves)
Will     .....                  (no boots)
Stlth    ..........             (no amulet)
HPRegen  0.15/turn              (no ring)
MPRegen  0.11/turn              (no ring)

@: confused, mighty, attractive
A: small, cold resistance 1, mutation resistance 1
a: Renounce Religion, Potion Petition, Call Merchant, Bribe Branch


You were on level 5 of the Dungeon.
You worshipped Gozag.
Gozag was aware of your devotion.
You visited 2 branches of the dungeon, and saw 6 of its levels.

You collected 185 gold pieces.
You paid 43 gold pieces to Gozag.

Inventory:

Hand Weapons
 e - a +0 dagger of electrocution (weapon)
 q - a +0 dagger of protection
 s - a +1 dagger of speed
Missiles
 b - 69 stones
 d - 36 poisoned darts
Armour
 i - a +0 buckler (worn)
 k - a +0 ring mail
 m - the +1 scale mail "Gerphyll" (worn) {Dex+3}
   (You found it on level 4 of the Dungeon)

   It affects your dexterity (+3).
 o - a +0 leather armour
Jewellery
 c - a cursed -4 ring of strength {unknown}
Wands
 j - a wand of disintegration (3)
Scrolls
 a - a scroll of remove curse
 f - a scroll of magic mapping
 l - a scroll of teleportation
 t - a scroll of blinking {unknown}
Potions
 r - a potion of brilliance {unknown}
 u - a potion of berserk rage {unknown}


   Skills:
 + Level 2.7 Fighting
 + Level 2.8 Short Blades
 * Level 2.9 Armour
 - Level 3.5 Dodging
 - Level 3.9 Stealth
 + Level 2.9 Shields
 - Level 1.7 Spellcasting
 - Level 0.5 Transmutations
 - Level 3.1 Earth Magic


You had 8 spell levels left.
You knew the following spells:

 Your Spells              Type           Power        Failure   Level
a - Sandblast             Erth           18%          45%         1

Your spell library contained the following spells:

 Spells                   Type           Power        Failure   Level
 Passwall                 Tmut/Erth      4%           80%         2
 Stone Arrow              Conj/Erth      10%          96%         3
 Petrify                  Tmut/Erth      5%           100%        4
 Lee's Rapid Deconstruct  Erth           4%           100%        5


Dungeon Overview and Level Annotations

Branches:
Dungeon (5/15)             Temple (1/1) D:4

Altars:
Ashenzari
Cheibriados
Dithmenos
Elyvilon
Fedhas
Gozag
Kikubaaqudgha
Makhleb
Qazlal
Ru
Sif Muna
Uskayaw
Yredelemnul

Shops:
D:4 =

Annotations:
D:3 3 runed translucent doors, Destapler's ghost, amateur HOFi
D:4 Blork the orc; Natasha


Innate Abilities, Weirdness & Mutations

You are small and have problems with some larger weapons.
You are somewhat resistant to further mutation.
Your flesh is cold resistant. (rC+)


Message History

You struggle to resist.
Unknown command.
You hit the orc priest.
The orc priest is heavily wounded.
The orc wizard misses you.
The orc priest invokes the aid of Beogh against you.
Pain shoots through your body!
* * * LOW HITPOINT WARNING * * *
Unknown command.
You hit the orc priest but do no damage.
The orc priest is heavily wounded.
The orc wizard hits you but does no damage.
Unknown command.
You closely miss the orc priest.
The orc priest is heavily wounded.
The orc wizard hits you but does no damage.
The orc priest mumbles some strange prayers to Beogh against you.
Beogh smites you!
You die...
Your body crumbles into a pile of gold.

..#...###
.........
........#
........##
.......<.#
.......#.####
..#...##....######
########.......#
#Oo@oo##.#### ##.
####.######..# #o.
#......# ##.## .o#
#......# #..## #
#.# #......# ##..#
.#.##.# ###.####
#### .B....####
#$#
...(#Oo..####o#
#.$.#...o...####


You could see an ogre, an orc priest, an orc wizard (fast) and an orc.

Vanquished Creatures
  Grinder (D:4)
  2 hounds
  2 orc wizards
  A worker ant (D:3)
  4 adders
  A white imp (D:5)
  An ooze (D:1)
  3 worms
  An adder skeleton (D:4)
  2 dart slugs
  A leopard gecko (D:1)
  7 orcs
  2 giant cockroaches
  8 goblins
  9 hobgoblins
  3 jackals (D:5)
  2 quokkas
  A ball python (D:3)
  8 bats
  6 frilled lizards
  7 kobolds
  14 rats
86 creatures vanquished.

Notes
Turn   | Place    | Note
-------+----------+-------------------------------------------
     0 | D:1      | Jannitor the Halfling Earth Elementalist began the quest
                  | for the Orb.
     0 | D:1      | Reached XP level 1. HP: 11/11 MP: 3/3
   354 | D:1      | Reached XP level 2. HP: 18/18 MP: 2/4
   787 | D:1      | Reached skill level 1 in Fighting
   994 | D:1      | Reached XP level 3. HP: 23/23 MP: 5/5
  1390 | D:2      | Reached XP level 4. HP: 16/28 MP: 2/6
  1737 | D:2      | Reached skill level 1 in Shields
  2609 | D:3      | Found a shadowy altar of Dithmenos.
  2702 | D:3      | Reached XP level 5. HP: 26/34 MP: 7/7
  2844 | D:3      | Found a runed translucent gate.
  2844 | D:3      | Found a runed translucent gate.
  2846 | D:3      | Found a runed translucent gate.
  2848 | D:3      | Noticed Destapler's ghost (amateur HOFi)
  3086 | D:3      | Gained mutation: Your flesh is cold resistant. (rC+)
                  | [potion of mutation]
  3100 | D:3      | Reached skill level 1 in Short Blades
  4010 | D:4      | Reached XP level 6. HP: 33/39 MP: 2/8
  4102 | D:4      | Got a brightly glowing scale mail
  4103 | D:4      | Identified the +1 scale mail "Gerphyll" {Dex+3} (You found
                  | it on level 4 of the Dungeon)
  4126 | D:4      | Found a staircase to the Ecumenical Temple.
  4132 | Temple   | Entered the Ecumenical Temple
  4197 | Temple   | Became a worshipper of Gozag Ym Sagoz the Greedy
  4297 | D:4      | Found Imauv's Jewellery Shoppe.
  4379 | D:4      | Noticed Blork the orc
  4401 | D:4      | Noticed Natasha
  4411 | D:4      | Noticed Grinder
  4418 | D:4      | Paralysed by Grinder for 4 turns
  4422 | D:4      | Killed Grinder
  4423 | D:4      | Reached XP level 7. HP: 45/45 MP: 9/9
  4491 | D:5      | Entered Level 5 of the Dungeon
  4596 | D:5      | Killed from afar by an orc priest

Illustrated notes

Levels and vault maps discovered:
D:1:      sevenhm_arrival_forest_fort_small_3, layout_basic
D:2:      layout_basic
D:3:      layout_basic, ebering_ghost_rock_garden, hangedman_decor_points,
          grunt_dithmenos_smoke
D:4:      layout_gridville, minmay_temple_entry_hall, serial_shops,
          shop_fountains, uniq_blork_the_orc, uniq_grinder, uniq_natasha
D:5:      layout_rooms, uniq_crazy_yiuf_cottage
Temple:   cyrus_circular_temple

Skill      XL: |  1  2  3  4  5  6 |
---------------+-------------------+-----
Fighting       | 1 2 |  2.7
Stealth        | 3 |  3.9
Dodging        | 3 |  3.5
Shields        | 1 2 |  2.9
Short Blades   | 1 2 |  2.8
Armour         | 2 |  2.9
Spellcasting   | |  1.7
Transmutations | |  0.5
Earth Magic    | |  3.1

Action                   |  1- 3 |  4- 6 |  7- 9 || total
-------------------------+-------+-------+-------++-------
Melee: Unarmed           |    26 |       |       ||    26
       Spear             |    82 |    52 |       ||   134
       Dagger            |       |   187 |    46 ||   233
 Cast: Sandblast         |    10 |    17 |       ||    27
Evoke: Wand              |       |     6 |       ||     6
  Use: Scroll            |       |     7 |       ||     7
       Potion            |       |     2 |     4 ||     6
 Stab: Sleeping          |     7 |    13 |     2 ||    22
       Distracted        |       |     1 |       ||     1
Armor: Robe              |    26 |     3 |       ||    29
       Leather armour    |       |    19 |       ||    19
       Skin              |       |     8 |       ||     8
       Scale mail        |       |       |    23 ||    23
Dodge: Dodged            |    84 |   130 |    32 ||   246
Block: Buckler           |     3 |    23 |    11 ||    37
